 Dungeon Crawl Stone Soup version 0.24.0-37-gcf1ca852f1 (webtiles) character file.

Game seed: 8995533989449048272, levelgen mode: deterministic

5189 Kobolds4U the Nimble (level 10, -5/53 HPs)
             Began as a Deep Elf Conjurer on Dec 8, 2019.
             Was a Follower of Ashenzari.
             Slain by a death yak (16 damage)
             ... on level 8 of the Dungeon.
             The game lasted 00:41:55 (9956 turns).

Kobolds4U the Nimble (Deep Elf Conjurer)            Turns: 9956, Time: 00:41:56

Health: -5/53      AC: 14    Str:  7    XL:     10   Next: 34%
Magic:  24/24      EV: 21    Int: 21    God:    Ashenzari [*.....]
Gold:   121        SH:  3    Dex: 16    Spells: 16/26 levels left

rFire    . . .     SeeInvis +   m - staff of conjuration
rCold    . . .     Gourm    .   y - +0 buckler {AC+3}
rNeg     . . .     Faith    .   D - +0 steam dragon scales
rPois    .         Spirit   .   q - +2 helmet {SInv} (curse)
rElec    .         Reflect  .   B - scarf {cloud immunity}
rCorr    .         Harm     .   C - +0 pair of gloves (curse)
MR       +....                  f - +1 pair of boots (curse)
Stlth    ++........             s - amulet of magic regeneration (curse)
HPRegen  0.17/turn              (no ring)
MPRegen  0.44/turn              (no ring)

@: no status effects
A: no striking features
a: Curse Item, Scrying, Renounce Religion


You were on level 8 of the Dungeon.
You worshipped Ashenzari.
Ashenzari was aware of your devotion.
You were not hungry.

You visited 1 branch of the dungeon, and saw 8 of its levels.

You collected 346 gold pieces.
You spent 225 gold pieces at shops.

Inventory:

Hand Weapons
 d - a +3 short sword
 e - a +0 short sword
 A - a +1 rapier
 G - a +4 long sword of electrocution
Armour
 a - a +0 robe
 f - a cursed +1 pair of boots (worn)
 i - a +0 cloak
 q - a cursed +2 helmet of see invisible (worn)
 y - a +0 buckler of protection (worn)
 B - a scarf of cloud immunity (worn)
 C - a cursed +0 pair of gloves (worn)
 D - +0 steam dragon scales (worn)
Magical Staves
 m - an uncursed staff of conjuration (weapon)
Jewellery
 h - a +4 amulet of reflection
 p - an uncursed ring of fire
 s - a cursed amulet of magic regeneration (around neck)
Wands
 w - a wand of iceblast (10)
Scrolls
 b - a scroll of blinking {unknown}
 g - 3 scrolls of enchant weapon
 k - 2 scrolls of teleportation {unknown}
 l - 2 scrolls of remove curse
 o - 2 scrolls of magic mapping
 r - a scroll of noise {unknown}
 t - 2 scrolls of enchant armour {unknown}
 u - 2 scrolls of fear {unknown}
 x - a scroll of amnesia {unknown}
 F - a scroll of identify
Potions
 j - a potion of haste
 n - 3 potions of lignification
 v - a potion of curing {unknown}
 z - 2 potions of agility
 E - a potion of cancellation {unknown}
 H - 2 potions of brilliance {unknown}
 J - a potion of magic {unknown}
Comestibles
 c - 11 rations


   Skills:
 - Level 2.2 Fighting
 * Level 12.7 Dodging
 - Level 2.4 Stealth
 * Level 8.9 Spellcasting
 + Level 6.3 Conjurations
 - Level 6.0 Hexes
 - Level 6.0 Translocations


You had 16 spell levels left.
You knew the following spells:

 Your Spells              Type           Power        Failure   Level  Hunger
a - Magic Dart            Conj           ####         1%          1    None
b - Searing Ray           Conj           ######       1%          2    None
c - Dazzling Spray        Conj/Hex       ######       3%          3    None
d - Force Lance           Conj/Tloc      ######..     10%         4    ###....

Your spell library contained the following spells:

 Spells                   Type           Power        Failure   Level  Hunger
 Iskenderun's Mystic Bla  Conj           ######..     9%          4    ###....
 Fulminant Prism          Conj/Hex       ######....   10%         4    ###....


Dungeon Overview and Level Annotations

Branches:
Dungeon (8/15)             Temple (0/1) D:4            Lair (0/6) D:8

Altars:
Ashenzari

Shops:
D:4 *

Annotations:
D:8 exclusion: door


Message History

Okay, then.
Okay, then.
Okay, then.
Evoke which item? (* to show all) (? for menu, Esc to quit)
Okay, then.
Okay, then.
The death yak snorts and paws the ground.
All of the chunks of flesh in your inventory have rotted away.
As you read the scroll labeled UWKOT OSKIUCI, it crumbles to dust.
It is a scroll of enchant weapon.
Really abort (and waste the scroll)?
Uppercase [Y]es or [N]o only, please.
Really abort (and waste the scroll)?
Your uncursed rapier glows red for a moment.
Press: ? - help, . - travel You can't see that place. [a closed door.] Removed exclusion.
You open the door. The death yak gores you!
You die...

#.........#........YY.#..#####
#...#..>...........#...># #.#
#.................Y###### #..
#.................Y# #.#
#.......[..........# #..
#..................# ###
####......#........#
####+####'#####.# #.# #@# #.#
#.# #Y# #.# #.# #Y# #.# #.#
#.# ..# #.# #Y################
#.# #.Y..YY....Y......
#.#####################
#...)..................
#######################


You could see 3 death yaks and a yak.

Vanquished Creatures
  A two-headed ogre (D:8)
  4 hippogriffs
  A steam dragon (D:8)
  A yak (D:8)
  2 ice beasts
  A sky beast (D:6)
  4 ogres
  3 phantoms
  5 centaurs
  A gnoll sergeant (D:8)
  3 bullfrogs
  A scorpion (D:5)
  17 wights
  A howler monkey (D:7)
  3 bullfrog zombies (D:5)
  2 jellies
  4 crimson imps
  A centaur zombie (D:5)
  4 bullfrog skeletons
  2 orc priests (D:4)
  2 centaur skeletons (D:5)
  3 hounds
  3 orc wizards (D:4)
  An iguana (D:4)
  4 worker ants
  6 worker ant zombies
  A howler monkey zombie (D:5)
  Robin (D:2)
  3 howler monkey skeletons
  10 adders
  12 gnolls
  A shadow imp (D:5)
  3 adder zombies
  An adder skeleton (D:5)
  A worm (D:2)
  4 dart slugs
  4 leopard geckos
  7 orcs
  4 giant cockroaches
  14 hobgoblins
  14 jackals
  2 quokkas
  A ball python (D:6)
  6 bats
  2 frilled lizards
  14 goblins
  A jackal skeleton (D:4)
  A jackal zombie (D:5)
  8 kobolds
  3 leopard gecko skeletons
  A leopard gecko zombie (D:5)
  A quokka skeleton (D:5)
  3 quokka zombies (D:5)
  11 rats
214 creatures vanquished.

Notes
Turn   | Place    | Note
-------+----------+-------------------------------------------
     0 | D:1      | Kobolds4U the Deep Elf Conjurer began the quest for the
                  | Orb.
     0 | D:1      | Reached XP level 1. HP: 10/10 MP: 6/6
   416 | D:1      | Reached XP level 2. HP: 2/15 MP: 3/8
  1085 | D:1      | Learned a level 2 spell: Searing Ray
  1182 | D:1      | Reached skill level 5 in Conjurations
  1182 | D:1      | Reached XP level 3. HP: 19/19 MP: 4/10
  1682 | D:2      | Learned a level 3 spell: Dazzling Spray
  1998 | D:2      | Reached skill level 1 in Fighting
  2093 | D:2      | Reached XP level 4. HP: 25/25 MP: 7/12
  2102 | D:2      | Learned a level 4 spell: Force Lance
  2106 | D:2      | Noticed Robin
  2107 | D:2      | Reached skill level 1 in Hexes
  2162 | D:2      | Killed Robin
  3073 | D:3      | Reached skill level 1 in Translocations
  3366 | D:4      | Noticed an ogre
  3374 | D:4      | Reached XP level 5. HP: 26/30 MP: 10/14
  3383 | D:4      | Killed an ogre
  3518 | D:4      | Found Onumah's Assorted Antiques.
  3547 | D:4      | Reached skill level 5 in Spellcasting
  3725 | D:4      | Found a staircase to the Ecumenical Temple.
  3758 | D:4      | Reached XP level 6. HP: 30/35 MP: 1/15
  4340 | D:5      | Entered Level 5 of the Dungeon
  4537 | D:5      | Reached XP level 7. HP: 33/40 MP: 13/17
  4744 | D:5      | Reached skill level 5 in Translocations
  4870 | D:5      | Reached skill level 5 in Hexes
  4930 | D:5      | Reached skill level 3 in Dodging
  5248 | D:5      | Reached skill level 4 in Dodging
  5397 | D:5      | Reached XP level 8. HP: 44/44 MP: 15/19
  5611 | D:5      | Reached skill level 5 in Dodging
  5906 | D:4      | Bought a shiny buckler for 225 gold pieces
  6099 | D:6      | Reached skill level 6 in Dodging
  6227 | D:6      | Reached skill level 7 in Dodging
  6696 | D:6      | Reached skill level 8 in Dodging
  6862 | D:6      | Reached XP level 9. HP: 47/48 MP: 13/20
  7179 | D:7      | Reached skill level 9 in Dodging
  7248 | D:7      | Found a shattered altar of Ashenzari.
  7365 | D:7      | Became a worshipper of Ashenzari the Shackled
  7908 | D:8      | Reached skill level 10 in Dodging
  7955 | D:8      | Found a staircase to the Lair.
  7955 | D:8      | Noticed a death yak
  7955 | D:8      | Noticed a death yak
  7955 | D:8      | Noticed a death yak
  8490 | D:8      | Reached skill level 11 in Dodging
  8492 | D:8      | Noticed a two-headed ogre
  8577 | D:8      | Killed a two-headed ogre
  8577 | D:8      | Reached XP level 10. HP: 11/53 MP: 4/24
  8806 | D:8      | Reached skill level 12 in Dodging
  9352 | D:8      | Reached * piety under Ashenzari
  9956 | D:8      | Slain by a death yak

Levels and vault maps discovered:
D:1:      dpeg_arrival_boxorama, layout_basic
D:2:      wander_river, layout_loops_ring, uniq_robin
D:3:      layout_loops_ring, serial_glass, glass_columns_b, glass_columns_b,
          grunt_decor_fettered
D:4:      layout_rooms, minmay_temple_entry_slanted, first_ration, serial_shops,
          nicolae_shop_temple_entry_statues_fountains, grunt_ministairs_14
D:5:      layout_basic, serial_undead, serial_undead_f, serial_undead_f,
          serial_undead_e, serial_undead_b, serial_undead_a, serial_undead_d,
          serial_undead_e, serial_undead_b, serial_undead_d, serial_undead_d
D:6:      layout_cave_pods, serial_park_tiny_pond
D:7:      layout_basic, overflow_temple_1_default
D:8:      layout_basic, dpeg_lair_monsters

Skill      XL: |  1  2  3  4  5  6  7  8  9 10 |
---------------+-------------------------------+-----
Spellcasting   | 4 5 6 8 |  8.9
Conjurations   | 5 6 |  6.3
Fighting       | 1 2 |  2.2
Hexes          | 1 2 3 5 6 |  6.0
Translocations | 1 2 4 5 6 |  6.0
Dodging        | 4 8 11 12 | 12.7
Stealth        | |  2.4

Action                   |  1- 3 |  4- 6 |  7- 9 | 10-12 || total
-------------------------+-------+-------+-------+-------++-------
Melee: Short sword       |     5 |       |       |       ||     5
       Staff             |     2 |    19 |    20 |     1 ||    42
 Cast: Magic Dart        |    74 |   101 |   205 |    55 ||   435
       Searing Ray       |     3 |     7 |    34 |    12 ||    56
       Dazzling Spray    |       |    11 |    42 |    21 ||    74
       Force Lance       |       |       |     2 |       ||     2
Invok: Curse Item        |       |       |       |     4 ||     4
  Use: Scroll            |       |     5 |       |     1 ||     6
       Potion            |       |       |       |     3 ||     3
 Stab: Sleeping          |     4 |       |     3 |     1 ||     8
       Invisible         |       |       |     1 |       ||     1
  Eat: Chunk             |     3 |     8 |    10 |     4 ||    25
       Ration            |       |       |     1 |       ||     1
Armor: Robe              |     8 |     8 |    31 |     1 ||    48
       Steam dragon scal |       |       |       |     6 ||     6
Dodge: Dodged            |    28 |    36 |   129 |    32 ||   225
Block: Other             |       |     4 |       |       ||     4
       Buckler           |       |       |    13 |     4 ||    17
